 Dungeon Crawl Stone Soup version 0.27.1-33-g824d729ab1 (webtiles) character file.

Game seed: 15223602787181004333

79 Flarelocke the Conjurer (level 4, -11/24 HPs)
             Began as a Tengu Conjurer on Dec 29, 2021.
             Killed by divine providence
             ... invoked by an orc priest
              (13 damage)
             ... on level 3 of the Dungeon.
             The game lasted 00:04:24 (2261 turns).

Flarelocke the Conjurer (Tengu Conjurer)            Turns: 2261, Time: 00:04:24

Health: -11/24     AC:  2    Str:  8    XL:     4   Next: 38%
Magic:  3/8        EV: 12    Int: 19    God:
Gold:   20         SH:  0    Dex: 12    Spells: 5/8 levels left

rFire    . . .     SeeInvis .   d - +0 quarterstaff
rCold    . . .     Faith    .   (shield currently unavailable)
rNeg     . . .     Spirit   .   a - +0 robe
rPois    .         Reflect  .   (helmet restricted)
rElec    .         Harm     .   (no cloak)
rCorr    .         Rampage  .   (no gloves)
Will     .....                  (boots unavailable)
Stlth    ++........             (no amulet)
HPRegen  0.08/turn              e - +4 ring of slaying
MPRegen  0.11/turn              (no ring)

@: no status effects
A: beak, talons 3
a: no special abilities


You were on level 3 of the Dungeon.
You visited 1 branch of the dungeon, and saw 3 of its levels.

You collected 20 gold pieces.

Inventory:

Hand Weapons
 d - a +0 quarterstaff (weapon)
Armour
 a - a +0 robe (worn)
Jewellery
 e - a +4 ring of slaying (left hand)
Scrolls
 c - 2 scrolls of vulnerability {unknown}
 j - a scroll of teleportation {unknown}
 k - a scroll of identify {unknown}
Potions
 b - 2 potions of heal wounds {unknown}
 f - 3 potions of curing {unknown}
 g - a potion of attraction {unknown}
 h - a potion of ambrosia {unknown}
 i - a potion of lignification {unknown}


   Skills:
 + Level 1.4 Staves
 - Level 2.1 Dodging
 + Level 2.7 Stealth
 + Level 2.6 Spellcasting
 * Level 6.3 Conjurations


You had 5 spell levels left.
You knew the following spells:

 Your Spells              Type           Power      Damage    Failure   Level
a - Magic Dart            Conj           100%       1d8       1%          1
b - Searing Ray           Conj           52%        3d5       1%          2

Your spell library contained the following spells:

 Spells                   Type           Power      Damage    Failure   Level
 Dazzling Flash           Conj/Hex       28%        N/A       13%         3
 Fulminant Prism          Conj/Hex       7%         3d7       41%         4
 Iskenderun's Mystic Bla  Conj/Tloc      14%        2d5       41%         4
 Gell's Gravitas          Tloc           1%         N/A       43%         3
 Lesser Beckoning         Tloc           1%         N/A       43%         3
 Teleport Other           Tloc           2%         N/A       43%         3


Dungeon Overview and Level Annotations

Branches:
Dungeon (3/15)

Altars:


Innate Abilities, Weirdness & Mutations

You have a beak for a mouth.
You have claws for feet.


Message History

The orc shouts!
You hear a shout!
The bat hits you but does no damage.
The magic dart hits the bat!
You kill the bat!
The magic dart hits the orc!
You kill the orc!
An orc comes into view. It is wielding a +0 dagger.
An orc wizard comes into view. It is wielding a +0 dagger.
The magic dart hits the orc wizard but does no damage.
The orc wizard shouts!
The magic dart hits the orc wizard but does no damage.
The magic dart hits the orc wizard!
The orc wizard is heavily wounded.
The magic dart hits the orc wizard.
The orc wizard is severely wounded.
You are too depleted to draw on your mana recklessly!
The orc wizard gestures wildly while chanting.
The orc wizard flickers and vanishes!
Deactivating autopickup; reactivate with Ctrl-A.
You are confused.
You closely miss the orc. You claw the orc!
You kill the orc!
You feel less confused.
A magic dart appears from out of thin air!
The magic dart hits you!
A puff of flame appears from out of thin air!
The puff of flame hits you!
You hear some strange, mumbled words.
Something tries to affect you, but you resist.
You miss something. Something hits you.
A bat comes into view.
A magic dart appears from out of thin air!
The magic dart hits you!
* * * LOW HITPOINT WARNING * * *
Things that are here:
a +0 dagger; an orc corpse The orc priest calls down the wrath of Beogh upon you.
Beogh smites you!
Ouch! That really hurt!
You die...

........ ... ..
...#.# ##.# #...
#..####..#
#...###.o..o..##
#.....####....# .
##.....###.##......
##........##......
###.###.).........
#......@..###.#...
#........## ..
#.....##..# .
#.....###...#
#....## ##...
#..>..## ##.#
#####.<# ###..
####.###.... .
##...........


You could see an orc priest.

Vanquished Creatures
  4 gnolls (D:2)
  2 worms (D:2)
  A dart slug (D:2)
  2 orcs (D:3)
  2 ball pythons
  3 endoplasms
  A giant cockroach (D:1)
  4 goblins
  4 hobgoblins (D:2)
  A kobold (D:2)
  2 quokkas (D:2)
  2 bats
  2 frilled lizards (D:2)
  2 rats (D:2)
32 creatures vanquished.

Notes
Turn   | Place    | Note
-------+----------+-------------------------------------------
     0 | D:1      | Flarelocke the Tengu Conjurer began the quest for the Orb.
     0 | D:1      | Reached XP level 1. HP: 10/10 MP: 4/4
   637 | D:1      | Reached XP level 2. HP: 15/15 MP: 4/6
   706 | D:1      | Learned a level 2 spell: Searing Ray
   902 | D:2      | Reached XP level 3. HP: 19/19 MP: 3/7
  1051 | D:2      | Reached skill level 1 in Staves
  1051 | D:2      | Reached skill level 6 in Conjurations
  1066 | D:2      | Reached XP level 4. HP: 5/24 MP: 0/8
  2261 | D:3      | Killed from afar by an orc priest

Illustrated notes

Levels and vault maps discovered:
D:1:      nzn_arrival_depleted_hourglass, layout_rooms, serial_corexii_hall,
          corexii_hall_statues_s, chequers_hall_statues_y,
          chequers_hall_statues_y
D:2:      layout_basic
D:3:      layout_rooms, ebering_ecumenical_altar_ruins,
          chequers_serial_rivers_micro_b, grunt_ministairs_5, uniq_grinder

Skill      XL: |  1  2  3 |
---------------+----------+-----
Staves         | 1 |  1.4
Conjurations   | 6 |  6.3
Dodging        | |  2.1
Stealth        | |  2.7
Spellcasting   | |  2.6

Action                   |  1- 3 |  4- 6 || total
-------------------------+-------+-------++-------
Melee: Unarmed           |     7 |       ||     7
       Kick              |     1 |     1 ||     2
       Peck              |     1 |       ||     1
       Quarterstaff      |     6 |     4 ||    10
 Cast: Magic Dart        |    42 |    34 ||    76
Armor: Robe              |     1 |     1 ||     2
Dodge: Dodged            |     8 |     4 ||    12
